 Dungeon Crawl Stone Soup version 0.29-a0-973-gac7da5f7f0 (webtiles) character file.

Game seed: 15676811684642805069

112 mathmaestro the Grave Robber (level 4, -12/33 HPs)
             Began as a Demonspawn Necromancer on July 31, 2022.
             Killed by an exploding Grinder (27 damage)
             ... ignited by their inner flame
             ... on level 3 of the Dungeon.
             The game lasted 00:07:22 (3650 turns).

mathmaestro the Grave Robber (DsNe)                 Turns: 3650, Time: 00:07:25

Health: -12/33     AC:  4    Str:  9    XL:     4   Next: 64%
Magic:  8/8        EV: 12    Int: 18    God:
Gold:   205        SH:  4    Dex: 13    Spells: 1/9 levels left

rFire   . . .      SeeInvis .   n - +0 dagger
rCold   . . .      Faith    .   (no shield)
rNeg    . . .      Spirit   .   a - +0 robe
rPois   .          Reflect  .   h - +0 helmet
rElec   .          Harm     .   d - +0 cloak
rCorr   .          Rampage  .   (no gloves)
Will    .....                   (no boots)
Stlth   +.........              (no amulet)
HPRegen 0.11/turn               (no ring)
MPRegen 0.11/turn               (no ring)

@: silenced
A: large bone plates 1
a: no special abilities


You were on level 3 of the Dungeon.
You visited 1 branch of the dungeon, and saw 3 of its levels.

You collected 205 gold pieces.

Inventory:

Hand Weapons
 n - a +0 dagger (weapon)
Missiles
 r - 2 javelins (quivered)
Armour
 a - a +0 robe (worn)
 d - a +0 cloak (worn)
 h - a +0 helmet (worn)
Scrolls
 j - 2 scrolls of fear
 m - 5 scrolls of identify
 t - a scroll of acquirement {unknown}
 u - a scroll of summoning {unknown}
Potions
 b - a potion of magic
 e - 2 potions of mutation {unknown}
 f - 6 potions of curing {unknown}
 g - a potion of heal wounds {unknown}
 i - a potion of haste {unknown}
 k - 3 potions of flight {unknown}
 o - a potion of lignification {unknown}
 s - a potion of berserk rage {unknown}
 v - a potion of brilliance {unknown}


   Skills:
 + Level 2.2 Fighting
 - Level 2.0 Dodging
 - Level 2.0 Stealth
 + Level 3.0 Spellcasting
 + Level 5.1 Necromancy


You had one spell level left.
You knew the following spells:

 Your Spells              Type           Power      Damage    Failure   Level
a - Necrotise             Necr           84%        1d8       1%          1
b - Vampiric Draining     Necr           21%        2d7       6%          3
c - Animate Dead          Necr           21%        N/A       19%         4

Your spell library contained the following spells:

 Spells                   Type           Power      Damage    Failure   Level
 Agony                    Necr           21%        N/A       47%         5
 Fireball                 Conj/Fire      1%         3d3       99%         5
 Starburst                Conj/Fire      1%         6d3       100%        6
 Ignition                 Fire           1%         3d3       100%        8


Dungeon Overview and Level Annotations

Branches:
Dungeon (3/15)

Altars:


Innate Abilities, Weirdness & Mutations

You are partially covered in large bone plates. (SH +4)


Message History

Casting: Necrotise (safe; 1% risk of failure)
Confirm with . or Enter, or press ? or * to list all spells.
You can't see any susceptible monsters within range! (Use Z to cast anyway.) Unknown command.
Throw: 2 javelins
Press: ? - help, Q - select action, (/) - cycle Shift-Dir - straight line, f - Grinder
Aim: Grinder (53% to hit)
Okay, then.
As you read the scroll labelled XEUPPA AWEUQOREERE, it crumbles to dust.
It is a scroll of identify.
j - 2 scrolls of fear
As you read the scroll labelled USEDIT WIOXZUXKOT, it crumbles to dust.
The creatures around you are filled with an inner flame!
It was a scroll of immolation.
As you read the scroll labelled VAKORECHUX, it crumbles to dust.
You feel aware of your surroundings.
It was a scroll of magic mapping.
As you read the scroll labelled MED NER ZEALOL, it crumbles to dust.
You hear a loud clanging noise!
It was a scroll of noise.
You hear a shout!
You hear an angry hiss.
Grinder closely misses you.
As you read the scroll labelled WECREZX XEROL, it crumbles to dust.
A profound silence engulfs you.
It was a scroll of silence.
Grinder blinks!
You hit Grinder but do no damage. Grinder hits you.
You writhe in agony.
You barely miss Grinder. Grinder misses you.
You hit Grinder.
Flame seeps out of Grinder.
Grinder is lightly wounded.
Grinder is engulfed in blazing flames.
Flame seeps out of Grinder.
Grinder closely misses you.
You closely miss Grinder.
Grinder is moderately wounded.
Grinder is engulfed in blazing flames.
Flame seeps out of Grinder.
Grinder hits you!
You writhe in agony.
You hit Grinder.
Flame seeps out of Grinder.
Grinder is severely wounded.
Grinder is engulfed in blazing flames.
Grinder explodes!
The fiery explosion engulfs you!!
Ouch! That really hurt!
You die...

.######...#,# ***,,,,,,,*
.5........#,* *,,,,,,,*
#######.###,***###
********* #.# *,,,,..# *,*
#§##*****#.# *,* #..# #.#
****,** ##.# #.# *,,,,,,
#5# #.# *,**,** #.# #@#
*,**,* #.# #°# *,**,* #.#
#§# *,**,* #.##### #[#
*,**,** #.....# #.#
****,*,,,*
#####.###.#######,,,,*,,,,
#............,,,,,*,,*
#############*****,*** *>*


There were no monsters in sight!

Vanquished Creatures
  Grinder (D:3)
  Robin (D:3)
  2 adders
  A worm (D:2)
  An orc (D:3)
  5 endoplasms
  15 goblins
  6 hobgoblins
  3 jackals (D:1)
  2 quokkas (D:3)
  5 ball pythons
  8 bats
  2 frilled lizards (D:1)
  8 kobolds
  4 rats
64 creatures vanquished.

Vanquished Creatures (collateral kills)
  An adder (D:2)
  An endoplasm (D:2)
  2 goblins (D:1)
4 creatures vanquished.

Vanquished Creatures (others)
  2 plants (D:1)
2 creatures vanquished.

Grand Total: 70 creatures vanquished

Notes
Turn   | Place    | Note
-------+----------+-------------------------------------------
     0 | D:1      | mathmaestro the Demonspawn Necromancer began the quest for
                  | the Orb.
     0 | D:1      | Reached XP level 1. HP: 13/13 MP: 3/3
   700 | D:1      | Gained mutation: You are partially covered in large bone
                  | plates. (SH +4) [demonic ancestry]
   700 | D:1      | Reached XP level 2. HP: 20/20 MP: 0/5
  1065 | D:1      | Reached skill level 1 in Fighting
  1797 | D:2      | Reached XP level 3. HP: 21/26 MP: 0/6
  2762 | D:2      | Learned a level 3 spell: Vampiric Draining
  2776 | D:3      | Reached XP level 4. HP: 33/33 MP: 8/8
  2781 | D:3      | Learned a level 4 spell: Animate Dead
  2786 | D:3      | Reached skill level 5 in Necromancy
  2890 | D:3      | Found a faded altar of an unknown god.
  3009 | D:3      | Noticed Robin
  3352 | D:3      | Killed Robin
  3574 | D:3      | Noticed Grinder
  3636 | D:3      | Paralysed by Grinder for 2 turns
  3650 | D:3      | Killed Grinder
  3650 | D:3      | Killed by an exploding Grinder... ignited by their inner
                  | flame

Illustrated notes

Levels and vault maps discovered:
D:1:      minmay_arrival_widening_spiral_narrow, layout_basic, serial_forest,
          infiniplex_forest_straight_5, infiniplex_forest_clump_small,
          infiniplex_forest_end_2, infiniplex_forest_3_way,
          infiniplex_forest_straight_3, infiniplex_forest_straight_2,
          infiniplex_forest_lined_2, grunt_decor_resistance
D:2:      layout_basic, hangedman_feature_mirror, guppyfry_early_lair_pool
D:3:      layout_loops_ring, chequers_ecumenical_altar_island,
          minmay_crystal_room, uniq_robin, uniq_ijyb, uniq_grinder

Skill      XL: |  1  2  3  4 |
---------------+-------------+-----
Stealth        | 2 |  2.0
Dodging        | 2 |  2.0
Fighting       | 1 2 |  2.2
Necromancy     | 5 |  5.1
Spellcasting   | 3 |  3.0

Action                   |  1- 3 |  4- 6 || total
-------------------------+-------+-------++-------
Melee: Unarmed           |     4 |       ||     4
       Club              |     2 |       ||     2
       Dagger            |    10 |    13 ||    23
Throw: Javelin           |       |     2 ||     2
 Cast: Necrotise         |    66 |    43 ||   109
  Use: Scroll            |       |     5 ||     5
 Stab: Sleeping          |     2 |       ||     2
Armor: Robe              |    18 |    14 ||    32
Dodge: Dodged            |    27 |    28 ||    55
Block: Other             |     4 |    10 ||    14

Table legend: (Time is in decaauts)
 A = Elapsed time spent in this place.
 B = Non-inter-level travel time spent in this place.
 C = Inter-level travel time spent in this place.
 D = Time resting spent in this place.
 E = Time spent auto-exploring this place.
 F = Levels seen in this place.
 G = Mean time per level.
                   A        B        C        D        E       F      G
               +--------+--------+--------+--------+--------+-----+--------+
         Total |   3655 |   3569 |     86 |    339 |   2625 |   3 | 1218.3 |
       Dungeon |   3655 |   3569 |     86 |    339 |   2625 |   3 | 1218.3 |
               +--------+--------+--------+--------+--------+-----+--------+

Top non-repeatable levels by time:
     D:1: 1778 daAuts
     D:2: 1277 daAuts
     D:3: 600 daAuts
